 Dungeon Crawl Stone Soup version 0.23-a0-130-g0e7800e (webtiles) character file.

69 TheOrbIsALie the Gusty (level 4, 25/30 HPs)
             Began as a Demonspawn Air Elementalist on Aug 27, 2018.
             Quit the game on level 2 of the Dungeon.
             The game lasted 00:03:47 (1235 turns).

TheOrbIsALie the Gusty (DsAE)                       Turns: 1235, Time: 00:03:48

Health: 25/30      AC:  3    Str:  8    XL:     4   Next: 2%
Magic:  0/7        EV: 12    Int: 18    God:
Gold:   78         SH:  2    Dex: 13    Spells: 6/7 levels left

rFire    . . .     SeeInvis .   d - +2 dagger (speed)
rCold    . . .     Gourm    .   (no shield)
rNeg     . . .     Faith    .   a - +0 robe
rPois    .         Spirit   .   (no helmet)
rElec    .         Reflect  +   b - +0 cloak
rCorr    .         Harm     .   (no gloves)
MR       .....                  (no boots)
Stlth    ++........             k - +2 amulet of reflection
HPRegen  0.10/turn              (no ring)
MPRegen  0.10/turn              (no ring)

@: no status effects
A: powered by pain 2, rot immunity
a: no special abilities


You were on level 2 of the Dungeon.
You were not hungry.

You visited 1 branch of the dungeon, and saw 2 of its levels.

You collected 78 gold pieces.

Inventory:

Hand Weapons
 d - a +2 dagger of speed (weapon)
Armour
 a - a +0 robe (worn)
 b - a +0 cloak (worn)
Jewellery
 k - a +2 amulet of reflection (around neck)
Scrolls
 f - 3 scrolls of identify {unknown}
 h - 3 scrolls of remove curse {unknown}
 j - a scroll of teleportation {unknown}
Potions
 e - 2 potions of mutation {unknown}
 g - 2 potions of flight {unknown}
Comestibles
 c - 4 rations


   Skills:
 - Level 1.7 Dodging
 - Level 1.7 Stealth
 - Level 2.0 Spellcasting
 - Level 3.0 Conjurations
 + Level 3.5 Air Magic


You had 6 spell levels left.
You knew the following spells:

 Your Spells              Type           Power        Failure   Level  Hunger
a - Shock                 Conj/Air       ##..         4%          1    #......

Your spell library contained the following spells:

 Spells                   Type           Power        Failure   Level  Hunger
 Swiftness                Chrm/Air       #.......     13%         2    ###....
 Static Discharge         Conj/Air       ##......     14%         3    ###....
 Airstrike                Air            ##........   38%         4    #####..
 Lightning Bolt           Conj/Air       ##........   78%         5    ######.


Dungeon Overview and Level Annotations

Branches:
Dungeon (2/15)

Altars:
Dithmenos


Innate Abilities, Weirdness & Mutations

You sometimes gain power by taking damage.
You are immune to rotting.


Message History

Press: ? - help, Shift-Dir - straight line, f - ooze
Aim: an ooze (severely wounded)
The zap hits the ooze.
The ooze is almost dead.
The zap hits the rat.
You kill the rat!
The ooze barely misses you.
You hit the ooze.
The ooze is almost dead.
The ooze hits you but does no damage.
You barely miss the ooze.
The ooze is almost dead.
You hit the ooze.
You kill the ooze!
You have reached level 4!
You feel clever.
Your demonic ancestry asserts itself...
You feel immune to rotting.
Things that are here:
a club; a hobgoblin corpse Are you sure you want to abandon this character and quit the game? (Confirm

♣♣♣♣♣≈.P♣♣♣♣♣.# #. #.
# ♣≈≈P♣ ♣...#####....
.. # ♣P≈♣♣
#............ .. #
♣.≈♣♣♣#.#.#####.#.#
.# . ####♣P.♣♣...#.#
#.#.# .# .#
.....#.######.# #.#.#
.##..# ####.#.# #.#
#.#.#####...... #..#.
#.#####.#.....).(...#
##.#.#
#.(.@†...)...........
#..#.#
#######.##########.##
#.##.##### #.# #
#.#..>.... ...
#......## ##..#
#.......#### #..#
#........... .##..#
#........## .....#
##.......#####..#..


There were no monsters in sight!

Vanquished Creatures
  An ooze (D:2)
  A dart slug (D:1)
  3 giant cockroaches
  12 goblins (D:1)
  7 hobgoblins
  3 jackals (D:1)
  11 kobolds
  3 ball pythons
  7 bats
  A frilled lizard (D:2)
  5 rats
54 creatures vanquished.

Notes
Turn   | Place    | Note
-------+----------+-------------------------------------------
     0 | D:1      | TheOrbIsALie the Demonspawn Air Elementalist began the
                  | quest for the Orb.
     0 | D:1      | Reached XP level 1. HP: 13/13 MP: 3/3
   221 | D:1      | Gained mutation: You sometimes gain a little power by
                  | taking damage. [demonic ancestry]
   221 | D:1      | Reached XP level 2. HP: 11/19 MP: 0/5
   527 | D:1      | Gained mutation: You sometimes gain power by taking damage.
                  | [demonic ancestry]
   527 | D:1      | Reached XP level 3. HP: 21/24 MP: 2/6
   618 | D:1      | Found a shadowy altar of Dithmenos.
  1233 | D:2      | Gained mutation: You are immune to rotting. [demonic
                  | ancestry]
  1233 | D:2      | Reached XP level 4. HP: 25/30 MP: 0/7
  1235 | D:2      | Quit the game

Vault maps used:
D:1:      minmay_arrival_jagged, minmay_misc_feat_roman, st_stairs_11,
          minmay_hexomino_r4
D:2:      minmay_wonky_spiral, first_ration, serial_bayou_crossing

Skill      XL: |  1  2  3 |
---------------+----------+-----
Conjurations   | 2 3 |  3.0
Air Magic      | 3 |  3.5
Dodging        | |  1.7
Stealth        | |  1.7
Spellcasting   | |  2.0

Action                   |  1- 3 |  4- 6 || total
-------------------------+-------+-------++-------
Melee: Dagger            |    76 |       ||    76
       Unarmed           |     7 |       ||     7
 Cast: Shock             |    75 |       ||    75
 Stab: Sleeping          |     2 |       ||     2
  Eat: Chunk             |     2 |       ||     2
Armor: Robe              |    15 |       ||    15
Dodge: Dodged            |    54 |       ||    54

Table legend:
 A = Non-vault XP
 B = Vault XP
 C = Vault XP percentage of total XP
 D = Non-vault monster count
 E = Vault monster count
 F = Vault count percentage of total count
                 A         B        C        D         E       F
            +---------+---------+-------+---------+---------+-------
      Total |      86 |      13 |  13.1 |      47 |       7 |  13.0
            +---------+---------+-------+---------+---------+-------
        D:1 |      61 |      13 |  17.6 |      35 |       7 |  16.7
        D:2 |      25 |       0 |   0.0 |      12 |       0 |   0.0
            +---------+---------+-------+---------+---------+-------
